 Dungeon Crawl Stone Soup version 0.18-a0-1764-gf4ddf0b (webtiles) character file.

2227 Ratboiler the Cleaver (level 9, 0/56 HPs)
             Began as an Octopode Wanderer on Apr 13, 2016.
             Was an Initiate of Gozag.
             Slain by a hippogriff (8 damage)
             ... on level 8 of the Dungeon.
             The game lasted 00:13:21 (8371 turns).

Ratboiler the Cleaver (Octopode Wanderer)           Turns: 8371, Time: 00:13:22

Health: 0/56       AC:  1    Str: 12    XL:     9   Next: 36%
Magic:  19/19      EV: 11    Int: 13    God:    Gozag
Gold:   453        SH:  0    Dex: 15    Spells: 1 memorised, 8 levels left

rFire  . . .     SeeInvis +     l - +1 war axe (chop)
rCold  . . .     Gourm    .     (no shield)
rNeg   . . .     Faith    .     (helmet restricted)
rPois  +         Spirit   .     (no amulet)
rElec  .         Dismiss  .     c - ring of poison resistance
rCorr  .         Reflect  .     o - ring of see invisible
SustAt +         Harm     .     w - ring of magical power
MR     .....                    B - ring of wizardry
Stlth  ++........               J - ring of sustain attributes
                                (no ring)
                                (no ring)
                                (no ring)

@: gold aura, not resistant to hostile enchantments, unstealthy
A: almost no armour, amphibious, 8 rings, constrict 8, camouflage 1, gelatinous
body 1
a: Potion Petition, Call Merchant, Bribe Branch, Renounce Religion


You were on level 8 of the Dungeon.
You worshipped Gozag.
Gozag was noncommittal.
You were not hungry.

You visited 1 branch of the dungeon, and saw 8 of its levels.

You collected 927 gold pieces.
You paid 474 gold pieces to Gozag.

Inventory:

Hand Weapons
 a - a +2 mace
 l - a +1 war axe of chopping (weapon)
 D - a +1 long sword of holy wrath
Missiles
 i - 20 sling bullets of frost
 F - a throwing net (quivered)
Jewellery
 c - a ring of poison resistance (left tentacle)
 o - a ring of see invisible (right tentacle)
 w - a ring of magical power (on tentacle)
 B - a ring of wizardry (on tentacle)
 J - a ring of sustain attributes (on tentacle)
Scrolls
 f - a scroll of blinking {unknown}
 g - 2 scrolls of enchant armour {unknown}
 h - 3 scrolls of remove curse
 k - 2 scrolls of enchant weapon {unknown}
 r - 2 scrolls of teleportation {unknown}
 u - a scroll of random uselessness {unknown}
 v - a scroll of fear {unknown}
 y - 3 scrolls of magic mapping {unknown}
 C - 2 scrolls of amnesia {unknown}
 K - a scroll of torment {unknown}
Potions
 e - a potion of lignification
 m - 3 potions of magic
 n - a potion of flight
 p - 3 potions of curing
 t - a potion of might
 x - a potion of cure mutation
 z - a potion of berserk rage
 A - a potion of invisibility
 G - a potion of resistance
 H - a potion of brilliance {unknown}
Books
 b - the Collected Works on Intoxication

   Spells                             Type                      Level
   a - Sting                          Conjuration/Poison           1
   b - Ignite Poison                  Fire/Transmutation/Poison    3
 q - a book of Conjurations

   Spells                             Type                      Level
   a - Magic Dart                     Conjuration                  1
   b - Searing Ray                    Conjuration                  2
   c - Dazzling Spray                 Conjuration/Hexes            3
   d - Fulminant Prism                Conjuration/Hexes            4
   e - Iskenderun's Mystic Blast      Conjuration                  4
   f - Iskenderun's Battlesphere      Conjuration/Charms           5
 s - a book of Dreams

   Spells                             Type                      Level
   a - Ensorcelled Hibernation        Hexes/Ice                    2
   b - Silence                        Hexes/Air                    5
   c - Darkness                       Hexes                        6
   d - Shadow Creatures               Summoning                    6
 E - a book of Battle

   Spells                             Type                      Level
   a - Infusion                       Charms                       1
   b - Shroud of Golubria             Charms/Translocation         2
   c - Song of Slaying                Charms                       2
   d - Spectral Weapon                Hexes/Charms                 3
   e - Regeneration                   Charms/Necromancy            3
 I - a book of Fire

   Spells                             Type                      Level
   a - Ignite Poison                  Fire/Transmutation/Poison    3
   b - Fireball                       Conjuration/Fire             5
   c - Bolt of Fire                   Conjuration/Fire             6
   d - Delayed Fireball               Conjuration/Fire             7
   e - Ring of Flames                 Charms/Fire                  7
Comestibles
 d - 2 bread rations


   Skills:
 - Level 3.0 Fighting
 * Level 11.2(11.5) Axes
 - Level 4.6(8.6) Maces & Flails
 - Level 1.0 Spellcasting
   Level 2.0 Conjurations
   Level 2.1 Evocations


You had 8 spell levels left.
You knew the following spells:

 Your Spells              Type           Power        Failure   Level  Hunger
a - Song of Slaying       Chrm           #.......     21%         2    ###....


Dungeon Overview and Level Annotations

Branches:
Dungeon (8/15)             Temple (0/1) D:6
   Lair: D:8-11

Altars:
Ashenzari
Gozag
Okawaru
Yredelemnul

Shops:
D:7 (

Annotations:
D:4 1 exclusion
D:7 Ratboiler's ghost, novice OpWn


Innate Abilities, Weirdness & Mutations

You cannot wear most types of armour.
You are amphibious.
You can wear up to eight rings at the same time.
You can use your tentacles to constrict eight enemies at once.
Your skin changes colour to match your surroundings (Stealth).
Your rubbery body absorbs attacks (AC +1).


Message History

You hit the hound but do no damage.
The hound is heavily wounded.
You hit the hippogriff.
The hippogriff is moderately wounded.
The hound barely misses you. The hippogriff bites you.
The hippogriff pecks you. The hippogriff claws you!
* * * LOW HITPOINT WARNING * * *
Unknown command.
You hit the hippogriff.
You squeeze the hippogriff, but do no damage.
The hippogriff is moderately wounded.
You closely miss the hound.
The hound is heavily wounded.
The hound barely misses you. The hound bites you.
* * * LOW HITPOINT WARNING * * *
The hippogriff bites you.
* * * LOW HITPOINT WARNING * * *
The hippogriff misses you. The hippogriff claws you!
You die...
Your body crumbles into a pile of gold.

#..####..##
..##.....### ..
####..## ## ##.
###.# # #..##..
#)# .# .....
#.## .# #...
#..##.#
#..$#######....#
#...(......@.##
#.........H$h#
##.....).....#
#.###.><(...# ##
###.[...#
#>.#..# #..#..#
...#..# #.#.


You could see a hippogriff and a hound.

Vanquished Creatures
  Maurice (D:8)
  3 sky beasts
  An ice beast (D:6)
  2 centaurs
  4 giant frogs
  Blork the orc (D:6)
  A water moccasin skeleton (D:4)
  4 scorpions
  A killer bee (D:7)
  A howler monkey (D:8)
  A crimson imp (D:5)
  A giant frog zombie (D:8)
  2 orc priests
  3 hounds
  An orc wizard (D:4)
  2 centaur skeletons (D:7)
  An iguana (D:6)
  Jessica (D:3)
  4 worker ants
  A hound zombie (D:7)
  A hound skeleton (D:7)
  5 gnolls (D:6)
  9 adders
  3 shadow imps
  An adder skeleton (D:6)
  An adder zombie (D:5)
  3 worms (D:2)
  10 dart slugs
  8 giant geckos
  9 orcs
  7 bats
  5 giant cockroaches
  6 goblins
  2 hobgoblins (D:3)
  14 jackals
  11 kobolds
  2 quokkas
  A giant gecko zombie (D:5)
  7 giant newts
  2 jackal skeletons
  A jackal zombie (D:7)
  12 rats
156 creatures vanquished.

Notes
Turn   | Place    | Note
--------------------------------------------------------------
     0 | D:1      | Ratboiler the Octopode Wanderer began the quest for the Orb.
     0 | D:1      | Ratboiler set off with: a +2 mace, the Collected Works on Intoxication, a potion of lignification, a bread ration
     0 | D:1      | Reached XP level 1. HP: 16/16 MP: 2/2
     0 | D:1      | Identified the Collected Works on Intoxication
   167 | D:1      | Reached XP level 2. HP: 21/21 MP: 3/3
   937 | D:2      | Reached XP level 3. HP: 7/26 MP: 4/4
  1500 | D:2      | Reached XP level 4. HP: 29/31 MP: 5/5
  2336 | D:3      | Reached skill level 1 in Axes
  2402 | D:3      | Noticed Jessica
  2409 | D:3      | Killed Jessica
  2409 | D:3      | Reached skill level 2 in Axes
  2409 | D:3      | Reached XP level 5. HP: 36/36 MP: 6/6
  2925 | D:4      | Noticed an ogre
  2937 | D:4      | Reached skill level 3 in Axes
  3128 | D:4      | Reached XP level 6. HP: 26/42 MP: 7/7
  3274 | D:4      | Found an opulent altar of Gozag.
  3280 | D:4      | Became a worshipper of Gozag Ym Sagoz the Greedy
  3950 | D:4      | Reached skill level 4 in Axes
  4204 | D:5      | Entered Level 5 of the Dungeon
  4801 | D:5      | Found an opulent altar of Gozag.
  4810 | D:5      | Reached skill level 5 in Axes
  4814 | D:5      | Found a shattered altar of Ashenzari.
  4848 | D:5      | Learned a level 2 spell: Song of Slaying
  5020 | D:5      | Found a basalt altar of Yredelemnul.
  5189 | D:5      | Reached XP level 7. HP: 43/46 MP: 8/8
  5471 | D:6      | Reached skill level 6 in Axes
  5659 | D:6      | Noticed Blork the orc
  5666 | D:6      | Killed Blork the orc
  5796 | D:6      | Reached skill level 7 in Axes
  5898 | D:6      | HP: 2/46 [sky beast (5)]
  5901 | D:6      | Reached XP level 8. HP: 4/52 MP: 9/9
  6199 | D:6      | Gained mutation: You possess an exceptional clarity of mind. [potion of mutation]
  6199 | D:6      | Gained mutation: You are frail (-10% HP). [potion of mutation]
  6199 | D:6      | Gained mutation: You are dopey. (Int -2) [potion of mutation]
  6200 | D:6      | Lost mutation: You are dopey. (Int -2) [potion of cure mutation]
  6200 | D:6      | Lost mutation: You possess an exceptional clarity of mind. [potion of cure mutation]
  6200 | D:6      | Lost mutation: You are frail (-10% HP). [potion of cure mutation]
  6362 | D:6      | Reached skill level 8 in Axes
  6863 | D:6      | Reached skill level 9 in Axes
  6953 | D:6      | Found a staircase to the Ecumenical Temple.
  7004 | D:6      | Found an iron altar of Okawaru.
  7013 | D:7      | Noticed Ratboiler's ghost (novice OpWn)
  7810 | D:7      | Reached skill level 10 in Axes
  8040 | D:8      | Reached XP level 9. HP: 45/56 MP: 10/10
  8055 | D:8      | Noticed Maurice
  8370 | D:8      | Killed Maurice
  8370 | D:8      | Reached skill level 11 in Axes
  8371 | D:8      | Slain by a hippogriff

Vault maps used:
D:1:      lemuel_arrival_behind_the_door_small
D:2:      first_bread
D:3:      uniq_jessica
D:4:      grunt_dithmenos_shadows, grunt_gozag_breadcrumbs, kennysheep_diamond
D:5:      kennysheep_slugbush, cheibrodos_ashenzari_chains,
          hangedman_feature_mirror
D:6:      kennysheep_mini, minmay_temple_entry_poolview, uniq_blork_the_orc
D:8:      minitemple, serial_shops, shop, uniq_maurice

Skill      XL: |  1  2  3  4  5  6  7  8  9 |
---------------+----------------------------+-----
Maces & Flails | 3 4 |  4.6
Axes           | 2 3 5 7 10 11 | 11.2
Fighting       | |  3.0
Spellcasting   | |  1.0
Conjurations   | |  2.0
Evocations     | |  2.1

Action                   |  1- 3 |  4- 6 |  7- 9 || total
-------------------------+-------+-------+-------++-------
Melee: Mace              |    70 |    36 |       ||   106
       Constrict         |    24 |    38 |    32 ||    94
       Tentacles         |     5 |    25 |    37 ||    67
       War axe           |       |   110 |   144 ||   254
Invok: Call Merchant     |       |       |     1 ||     1
  Use: Potion            |     4 |       |     4 ||     8
       Scroll            |       |     1 |     7 ||     8
 Stab: Sleeping          |     6 |     8 |     6 ||    20
       Distracted        |       |     1 |       ||     1
  Eat: Chunk             |     2 |     6 |       ||     8
       Beef jerky        |       |     1 |     1 ||     2
       Bread ration      |       |     1 |     2 ||     3
       Fruit             |       |       |     3 ||     3
Armor: Skin              |    10 |     8 |    15 ||    33
Dodge: Dodged            |    62 |    74 |    87 ||   223
